cohdb
Replays
Latest Replays
All Replays
Popular Replays
Top Player Replays
Match Explorer
How It Works
Community
CoH3 Stats
Reddit
Sign in to upload your games and track your stats! →
Sign in with Steam
Match 43269153
Unlisted
Match 43269153
Overview
Messages
Build Orders
End
Construct Infanterie Kompanie
Selects Breakthrough Battlegroup
Selects Assault Grenadiers
MG 42 Machine Gun Team
Grenadier Squad
Grenadier Squad
GrW 34 Mortar Team
Construct Panzergrenadier Kompanie
251 Medium Carrier
Medical Station
251 Medium Carrier
Selects 2.5-tonne Cargo Truck
Panzergrenadier Officer Quarters
Pak 40 Anti-tank Gun Team
Panzergrenadier Squad
Selects Blitzkrieg
Construct Panzer Kompanie
2.5-tonne Cargo Truck
Panzer IV Medium Tank
Selects Smoke Bombing Run
Stoßtruppen Squad
Panzer Officer Quarters
Side Skirts
Selects Incendiary Bombing Run
Incendiary Bombing Run
2.5-tonne Cargo Truck
Panzer IV Medium Tank
Incendiary Bombing Run
Panzer IV Medium Tank
Smoke Bombing Run
Construct Luftwaffe Kompanie
Jäger Squad
Incendiary Bombing Run
Blitzkrieg
Pioneer Squad
Incendiary Bombing Run
Repair Bunker
Blitzkrieg
Repair Bunker
Selects Tiger Heavy Tank
Tiger Heavy Tank
Smoke Bombing Run
Pioneer Squad
Panzer IV Medium Tank
이상한나라의 솜사탕
make a sparkling water
Creasy
Katsumoto
B1t
SkyCurv
BrianZ
gskogowk
0
0
Comments
sign in to comment!
No comments posted yet!